Map: Temple gelé

Players

zidar - Winner!

  • Race: Zerg Zerg
  • League: Platinum
  • Spawn Location: 11:00

Lucifron

  • Race: Protoss Protoss
  • League: Platinum
  • Spawn Location: 5:00

VOD

Have the link to the VOD?

Description

Time

  • Played on: Oct. 7, 2016, 12:07 p.m.
  • Length: 15:58
Show
View Real Time Build Order
Export as new Build Order

zidar Zerg - Winner!

Build Orders: Pool First 

Get SALT Encoding   

  12  0:02  Drone  
  13  0:15  Overlord  
  13  0:17  Drone  
  14  0:33  Drone x2  
  16  0:43  Spawning Pool  
  16  0:45  Drone  
  16  1:13  Drone  
  16  1:15  Hatchery  
  16  1:18  Extractor  
  16  1:19  Overlord  
  16  1:25  Drone  
  16  1:35  Queen  
  18  1:41  Drone  
  19  1:48  Drone  
  20  1:57  Drone  
  20  1:59  Drone  
  22  2:09  Drone  
  22  2:11  Queen  
  25  2:21  Metabolic Boost  
  25  2:27  Drone  
  25  2:47  Evolution Chamber  
  24  2:55  Drone x8  
  32  3:00  Pneumatized Carapace  
  32  3:07  Zergling x2  
  32  3:08  Zergling x2  
  34  3:28  Zergling x4  
  34  3:31  Overlord  
  34  3:32  Overlord x2  
  36  3:51  Zergling x2  
  36  3:52  Zergling x12  
  43  4:19  Roach Warren  
  35  4:51  Zergling x10  
  35  4:52  Zergling x14  
  43  5:08  Roach x2  
  47  5:18  Extractor  
  46  5:33  Baneling Nest  
  44  5:38  Roach x7  
  42  6:19  Roach x8  
  58  6:41  Drone x2  
  60  7:14  Overlord x2  
  60  7:15  Overlord x2  
  60  7:19  Lair  
  56  7:36  Ravager  
  57  7:39  Roach  
  57  7:40  Zergling x22  
  57  7:41  Zergling x8  
  74  8:05  Ravager  
  74  8:09  Zergling x16  
  56  9:01  Zergling x24  
  40  9:18  Zergling x6  
  41  9:40  Roach x4  
  49  9:52  Roach x2  
  53  10:00  Zergling x2  
  53  10:01  Zergling x8  
  56  10:14  Roach x4  
  64  10:24  Zerg Melee Weapons Level 1  
  64  10:33  Ravager, Baneling x3  
  64  10:34  Baneling x4  
  65  10:38  Zergling x16  
  73  10:44  Hatchery  
  34  11:55  Zergling x30  
  40  12:10  Queen  
  40  12:14  Zergling x10  
  47  12:19  Centrifical Hooks  
  47  12:23  Roach x3  
  47  12:29  Zergling x2  
  44  12:58  Roach  
  44  12:59  Roach x7, Zergling x2  
  48  13:30  Zergling x18  
  58  13:48  Zergling x12  
  58  13:49  Zergling x4  
  58  13:54  Zergling x2  
  58  13:55  Zergling x2  
  67  14:15  Baneling x10  
  67  14:16  Baneling x2  
  67  14:19  Zergling x2  
  67  14:20  Zergling x22  
  79  14:54  Zergling x2  
  79  14:55  Zergling x12  
  79  14:56  Roach x2  
Show
View Real Time Build Order
Export as new Build Order

Lucifron Protoss 

Build Orders: 1 Gate Expand 

Get SALT Encoding   

  12  0:01  Probe (Chrono Boost)  
  13  0:12  Probe (Chrono Boost)  
  14  0:24  Pylon  
  14  0:29  Probe (Chrono Boost)  
  15  0:42  Probe (Chrono Boost), Gateway  
  16  0:52  Probe (Chrono Boost), Assimilator  
  17  1:11  Probe (Chrono Boost)  
  18  1:22  Probe (Chrono Boost)  
  19  1:33  Nexus  
  19  1:40  Cybernetics Core  
  19  1:56  Assimilator  
  19  1:57  Pylon  
  19  1:58  Probe (Chrono Boost)  
  20  2:17  Adept (Chrono Boost)  
  22  2:23  Twilight Council  
  22  2:25  Probe  
  22  2:38  Probe  
  23  2:52  Gateway  
  23  2:59  Adept (Chrono Boost)  
  25  3:08  Gateway  
  25  3:13  Gateway  
  25  3:17  Probe  
  26  3:24  Resonating Glaives  
  26  3:27  Probe  
  27  3:37  Warp Gate  
  27  3:39  Adept (Chrono Boost)  
  29  3:46  Adept (Chrono Boost)  
  31  3:51  Probe  
  31  3:52  Probe  
  35  3:59  Adept (Chrono Boost)  
  35  4:03  Probe, Adept (Chrono Boost)  
  35  4:04  Probe  
  39  4:12  Adept (Chrono Boost)  
  39  4:15  Mothership Core  
  43  4:24  Pylon  
  40  4:38  Adept x2 (Chrono Boost)  
  39  4:58  Probe x2  
  41  5:15  Adept (Chrono Boost)  
  41  5:17  Adept (Chrono Boost)  
  47  5:21  Probe  
  47  5:22  Probe  
  47  5:23  Adept (Chrono Boost)  
  39  6:10  Robotics Facility  
  33  6:14  Probe  
  30  6:26  Adept  
  30  6:27  Stalker  
  30  6:30  Stalker  
  34  6:33  Assimilator  
  34  6:35  Probe  
  34  6:36  Assimilator  
  35  6:47  Probe  
  35  6:48  Stalker  
  35  6:49  Stalker  
  40  6:58  Probe  
  40  6:59  Probe, Immortal (Chrono Boost)  
  40  7:00  Pylon  
  46  7:11  Probe x2  
  48  7:23  Probe  
  48  7:24  Gateway  
  48  7:26  Gateway  
  48  7:27  Gateway  
  49  7:35  Stalker x2  
  49  7:36  Stalker  
  55  7:39  Blink (Chrono Boost)  
  55  7:46  Immortal (Chrono Boost)  
  55  7:49  Probe  
  60  8:03  Stalker  
  62  8:12  Pylon  
  62  8:14  Pylon  
  62  8:20  Pylon  
  62  8:21  Probe  
  62  8:22  Probe  
  60  8:31  Adept x2  
  60  8:32  Adept  
  60  8:34  Adept  
  38  9:00  Zealot  
  38  9:01  Zealot x3  
  34  9:10  Probe  
  34  9:12  Probe  
  32  9:27  Cybernetics Core  
  32  9:29  Zealot x3  
  38  9:47  Immortal (Chrono Boost)  
  42  9:57  Probe  
  43  10:01  Charge (Chrono Boost)  
  43  10:03  Probe  
  44  10:15  Sentry  
  44  10:20  Sentry  
  44  10:21  Sentry x2  
  52  10:34  Immortal  
  56  10:37  Probe  
  57  10:46  Probe  
  57  10:47  Probe  
  48  11:19  Pylon  
  48  11:21  Stalker x3  
  39  11:37  Stalker  
  30  11:58  Adept x3  
  30  12:00  Immortal (Chrono Boost)  
  40  12:01  Probe  
  41  12:10  Sentry  
  43  12:21  Zealot  
  43  12:22  Zealot  
  47  12:28  Zealot  
  49  12:31  Probe  
  50  12:37  Sentry  
  50  12:43  Adept  
  44  12:57  Adept x2  
  34  13:05  Adept  
  36  13:19  Adept  
  38  13:20  Adept  
  36  13:33  Probe  
  37  13:38  Adept x2  
  41  13:42  Probe  
  42  13:52  Adept  
  42  13:53  Adept  
  46  14:19  Immortal (Chrono Boost)  
  46  14:20  Probe  
  51  14:29  Adept x2  
  51  14:31  Adept  
  57  14:45  Probe  
  57  14:48  Probe  
  59  14:56  Immortal (Chrono Boost)  
  63  15:00  Probe  
  42  15:15  Adept x2  
  32  15:27  Adept x2  
  14  15:43  Stalker x2  
  14  15:46  Stalker  
Tags
 
Add a new tag
Caveats
  • Supply blocks, unpowered buildings, or Contaminate may cause inaccurate times.
  • Supply counts are checked every 10 seconds.